 Dungeon Crawl Stone Soup version 0.18.1-50-g88ac8fd (webtiles) character file.

21651 theElss the Thaumaturge (level 12, -2/82 HPs)
             Began as a High Elf Conjurer on Sept 24, 2016.
             Was an Elder of Vehumet.
             Slain by an orc warrior
             ... wielding a +1 war axe of flaming
              (16 damage)
             ... in a volcano.
             The game lasted 01:03:22 (16951 turns).

theElss the Thaumaturge (High Elf Conjurer)        Turns: 16951, Time: 01:03:23

Health: -2/82      AC:  7    Str: 13    XL:     12   Next: 56%
Magic:  0/35       EV: 17    Int: 22    God:    Vehumet [****..]
Gold:   811        SH:  6    Dex: 18    Spells: 7 memorised, 12 levels left

rFire  + . .     SeeInvis .     Q - +4 trident of Sequestration {pain, rElec Str+5}
rCold  . . .     Gourm    .     W - +2 robe {rC+}
rNeg   . . .     Faith    .     Y - +0 buckler
rPois  .         Spirit   .     t - +0 helmet
rElec  +         Dismiss  .     R - +0 cloak
rCorr  .         Reflect  .     (no gloves)
SustAt .         Harm     .     X - +0 pair of boots
MR     +....                    (no amulet)
Stlth  ++........               v - ring of fire
                                e - ring of magical power

@: somewhat resistant to hostile enchantments, unstealthy
A: blurry vision 1, low mp 1, wild magic 1
a: Renounce Religion


You were in a volcano.
You worshipped Vehumet.
Vehumet was greatly pleased with you.
You were not hungry.

You visited 3 branches of the dungeon, and saw 14 of its levels.
You also visited: Volcano.

You collected 811 gold pieces.

Inventory:

Hand Weapons
 Q - the +4 trident of Sequestration (weapon) {pain, rElec Str+5}
   (You found it on level 9 of the Dungeon)

   In the hands of one skilled in necromantic magic, it inflicts extra damage on
   living creatures.
   It affects your strength (+5).
   It insulates you from electricity.
Armour
 t - a +0 helmet (worn)
 R - a +0 cloak (worn)
 W - a +2 robe of cold resistance (worn)
 X - a +0 pair of boots (worn)
 Y - a +0 buckler (worn)
Jewellery
 e - a ring of magical power (left hand)
 p - a +4 ring of protection
 v - a ring of fire (right hand)
 w - an uncursed ring of wizardry
 C - a +3 ring of strength
 P - an uncursed ring of positive energy
Scrolls
 a - a scroll of noise {unknown}
 h - 2 scrolls of random uselessness {unknown}
 i - 4 scrolls of enchant weapon {unknown}
 j - 3 scrolls of teleportation
 k - 9 scrolls of remove curse
 o - 6 scrolls of fear
 s - a scroll of immolation {unknown}
 y - 4 scrolls of amnesia {unknown}
 B - 2 scrolls of enchant armour {unknown}
 E - a scroll of magic mapping {unknown}
 F - 2 scrolls of blinking {unknown}
 J - a scroll of silence {unknown}
 K - 2 scrolls of brand weapon {unknown}
 M - a scroll of fog {unknown}
 T - a scroll of recharging {unknown}
Potions
 f - 4 potions of flight
 m - a potion of degeneration {unknown}
 r - 5 potions of lignification
 x - 2 potions of might
 z - a potion of magic
 A - 2 potions of heal wounds
 D - a potion of agility
 G - 3 potions of brilliance
 I - a potion of haste
 N - a potion of curing {unknown}
 S - a potion of cancellation {unknown}
Comestibles
 c - 13 bread rations
 l - 7 meat rations
 q - 5 beef jerkies
 u - 11 slices of pizza
 H - 13 fruits
 L - a royal jelly


   Skills:
 - Level 7.9 Fighting
 - Level 6.3 Dodging
 - Level 2.1 Stealth
 - Level 7.0 Shields
 - Level 12.0 Spellcasting
 - Level 11.3 Conjurations
 + Level 9.4 Fire Magic


You had 12 spell levels left.
You knew the following spells:

 Your Spells              Type           Power        Failure   Level  Hunger
a - Magic Dart            Conj           ####         1%          1    None
b - Iskenderun's Battles  Conj/Chrm      #####...     5%          5    ####...
c - Searing Ray           Conj           ######       1%          2    None
d - Iskenderun's Mystic   Conj           ######..     1%          4    None
e - Sticky Flame          Conj/Fire      #######.     1%          4    None
f - Fireball              Conj/Fire      #######...   1%          5    ####...
g - Blink                 Tloc           N/A          14%         2    None


Dungeon Overview and Level Annotations

Branches:
Dungeon (11/15)            Temple (1/1) D:7            Lair (2/8) D:10
    Orc (0/2) D:10

Altars:
Ashenzari
Cheibriados
Dithmenos
Elyvilon
Fedhas
Gozag
Kikubaaqudgha
Makhleb
Nemelex Xobeh
Okawaru
Pakellas
Qazlal
Ru
Sif Muna
Trog
Vehumet
Xom
Yredelemnul
Zin
The Shining One

Shops:
D:11 (

Annotations:
D:4 Edmund
Lair:1 exclusion: oklob plant


Innate Abilities, Weirdness & Mutations

Scrolls take you a little longer to read.
Your magical capacity is low (-10% MP).
Your spells are a little harder to cast, but a little more powerful.


Message History

You block the orc warrior's attack. The orc warrior barely misses you.
All of the chunks of flesh in your inventory have rotted away.
You closely miss the orc warrior.
The orc warrior is severely wounded.
In the distance, the volcano erupts with a roar.
The orc warrior hits you with a war axe of flaming!
* * * LOW HITPOINT WARNING * * *
The orc warrior burns you.
* * * LOW HITPOINT WARNING * * *
The orc warrior hits you from afar with a trident of flaming.
* * * LOW HITPOINT WARNING * * *
Casting: Magic Dart
Confirm with . or Enter, or press ? or * to list all spells.
Aiming: Magic Dart
Press: ? - help, Shift-Dir - straight line, f/p - orc warrior
Aim: an orc warrior, wielding a war axe of flaming and wearing a scale mail of fire resistance (severely wounded)
The magic dart hits the orc warrior.
The orc warrior is severely wounded.
The orc warrior hits you with a war axe of flaming!
You die...

.≈≈≈≈≈≈ ≈.
##.≈.≈≈≈≈
...####...§≈≈≈≈
§........§≈≈≈≈≈
§§.....§§.≈≈≈≈≈
####)# ##.oo##
#o#### ##o@#
####


You could see 2 orc warriors.

Vanquished Creatures
  Gastronok (D:10)
  Fannar (D:10)
  Harold (D:11)
  Erolcha (D:11)
  A hill giant (D:10)
  An ugly thing (D:11)
  Joseph (D:10)
  Maurice (D:10)
  Psyche (D:8)
  A gargoyle (D:11)
  3 spiny frogs
  2 komodo dragons (Lair:1)
  2 trolls
  A two-headed ogre (D:11)
  10 blink frogs (Lair:2)
  Sigmund (D:3)
  A shadow (D:11)
  14 yaks
  A wraith (D:11)
  A wyvern (D:10)
  A basilisk (D:11)
  A hog (Volcano)
  2 fire bats (Volcano)
  A human (D:9)
  4 hungry ghosts
  2 hippogriffs
  Grum (D:11)
  Menkaure (D:5)
  A mottled dragon (D:11)
  A water moccasin (Lair:1)
  A porcupine (Lair:2)
  4 phantoms
  An ice beast (D:5)
  2 black bears
  6 orc warriors
  4 sky beasts
  An eye of draining (D:10)
  6 ogres
  2 wolves (D:11)
  9 centaurs
  3 big kobolds
  A crocodile (Lair:1)
  6 giant frogs
  A troll zombie (D:10)
  A wyvern skeleton (D:11)
  7 scorpions
  12 killer bees
  17 wights
  5 howler monkeys
  A crimson imp (D:5)
  A centaur zombie (D:9)
  3 jellies
  6 hounds
  7 orc priests
  3 giant frog skeletons
  3 centaur skeletons
  12 orc wizards
  2 iguanas
  7 worker ants
  A statue (D:9)
  5 ogre zombies (D:10)
  3 hound zombies
  A howler monkey zombie (D:10)
  Robin (D:2)
  6 gnolls
  5 river rats (Lair:1)
  15 adders
  3 shadow imps
  3 oozes
  An adder zombie (D:6)
  An adder skeleton (D:4)
  A dart slug (D:1)
  3 giant geckos
  38 orcs
  11 bats
  4 giant cockroaches
  12 goblins
  6 hobgoblins
  14 jackals
  21 kobolds
  6 quokkas
  2 ball pythons
  A giant gecko zombie (D:6)
  7 giant newts
  2 goblin skeletons (D:10)
  2 goblin zombies (D:10)
  2 hobgoblin zombies (D:10)
  13 orc zombies (D:10)
  6 rats
391 creatures vanquished.

Notes
Turn   | Place    | Note
--------------------------------------------------------------
     0 | D:1      | theElss the High Elf Conjurer began the quest for the Orb.
     0 | D:1      | Reached XP level 1. HP: 11/11 MP: 4/4
   185 | D:1      | Reached XP level 2. HP: 18/18 MP: 4/6
   189 | D:1      | Learned a level 2 spell: Searing Ray
   353 | D:1      | Reached skill level 5 in Conjurations
   414 | D:1      | Reached skill level 1 in Fighting
   821 | D:1      | Reached XP level 3. HP: 23/23 MP: 7/7
  1249 | D:2      | Noticed Robin
  1446 | D:2      | Killed Robin
  1560 | D:2      | Reached XP level 4. HP: 29/29 MP: 9/9
  1651 | D:2      | Found a burning altar of Makhleb.
  1657 | D:2      | Found a stormy altar of Qazlal.
  1904 | D:2      | Found an iron altar of Okawaru.
  2115 | D:2      | Found an iron altar of Okawaru.
  2299 | D:3      | Found a deep blue altar of Sif Muna.
  2304 | D:2      | Reached skill level 3 in Spellcasting
  2363 | D:3      | Found a snail-covered altar of Cheibriados.
  2388 | D:3      | Found a blossoming altar of Fedhas.
  2515 | D:3      | Noticed Sigmund
  2553 | D:2      | Learned a level 4 spell: Iskenderun's Mystic Blast
  2601 | D:3      | Killed Sigmund
  2601 | D:3      | Reached XP level 5. HP: 13/35 MP: 0/11
  2601 | D:3      | Reached XP level 6. HP: 16/41 MP: 0/12
  3124 | D:3      | Found a basalt altar of Yredelemnul.
  3219 | D:3      | Found a white marble altar of Elyvilon.
  3506 | D:3      | Learned a level 5 spell: Iskenderun's Battlesphere
  3837 | D:4      | Reached skill level 4 in Spellcasting
  3925 | D:4      | Reached XP level 7. HP: 46/46 MP: 14/14
  4408 | D:4      | Noticed Edmund
  4498 | D:4      | Gained mutation: Your magical capacity is low (-10% MP). [potion of mutation]
  4498 | D:4      | Gained mutation: Your spells are a little harder to cast, but a little more powerful. [potion of mutation]
  4498 | D:4      | Gained mutation: Scrolls take you a little longer to read. [potion of mutation]
  4932 | D:4      | Reached skill level 5 in Spellcasting
  5075 | D:5      | Entered Level 5 of the Dungeon
  5427 | D:5      | Noticed Menkaure
  5436 | D:5      | Killed Menkaure
  5436 | D:5      | Reached skill level 6 in Spellcasting
  5436 | D:5      | Reached XP level 8. HP: 29/54 MP: 14/16
  5695 | D:5      | Found a shadowy altar of Dithmenos.
  6900 | D:7      | Reached skill level 7 in Spellcasting
  6954 | D:7      | Found a staircase to the Ecumenical Temple.
  6963 | Temple   | Entered the Ecumenical Temple
  7109 | D:7      | Reached skill level 5 in Fighting
  7491 | D:7      | Reached skill level 8 in Spellcasting
  7491 | D:7      | Reached XP level 9. HP: 61/61 MP: 20/20
  8392 | D:7      | Reached skill level 9 in Spellcasting
  8516 | D:8      | Noticed Psyche
  8524 | D:8      | Killed Psyche
  8524 | D:8      | Reached skill level 5 in Dodging
  8868 | D:8      | Reached skill level 10 in Spellcasting
  8912 | D:7      | Reached XP level 10. HP: 58/69 MP: 1/22
  9236 | D:8      | Found a sparkling altar of Nemelex Xobeh.
  9900 | D:9      | Reached skill level 10 in Conjurations
 10283 | D:9      | Found a glowing silver altar of Zin.
 10283 | D:9      | Found a shattered altar of Ashenzari.
 10284 | D:9      | Found an ancient bone altar of Kikubaaqudgha.
 10409 | D:9      | Reached skill level 11 in Spellcasting
 10892 | D:9      | Got an iridescent trident
 10893 | D:9      | Identified the +4 trident of Sequestration {pain, rElec Str+5} (You found it on level 9 of the Dungeon)
 11031 | D:9      | Found Ammeggev's Assorted Antiques.
 11101 | D:9      | Found a radiant altar of Vehumet.
 11112 | D:9      | Became a worshipper of Vehumet
 11331 | D:10     | Entered Level 10 of the Dungeon
 11448 | D:10     | Noticed Maurice
 11453 | D:10     | Killed Maurice
 11558 | D:10     | Noticed Gastronok
 11564 | D:10     | Killed Gastronok
 11564 | D:10     | Reached XP level 11. HP: 62/76 MP: 9/25
 11764 | D:10     | Reached skill level 12 in Spellcasting
 11973 | D:10     | Learned a level 4 spell: Sticky Flame
 11979 | D:10     | Learned a level 5 spell: Fireball
 12096 | D:10     | Reached skill level 1 in Fire Magic
 12265 | D:10     | Noticed a hill giant
 12269 | D:10     | Reached * piety under Vehumet
 12269 | D:10     | Offered knowledge of Sting by Vehumet.
 12271 | D:10     | Killed a hill giant
 12685 | D:10     | Found a staircase to the Lair.
 12712 | D:10     | Noticed Joseph
 12716 | D:10     | Killed Joseph
 12849 | D:10     | Found a staircase to the Orcish Mines.
 13124 | D:10     | Reached skill level 5 in Fire Magic
 13253 | D:10     | Offered knowledge of Shock by Vehumet.
 13308 | D:10     | Reached ** piety under Vehumet
 13439 | D:10     | Noticed Fannar
 13441 | D:10     | Killed Fannar
 13803 | D:11     | Noticed Grum
 13805 | D:11     | Killed Grum
 14029 | D:11     | Offered knowledge of Ignite Poison by Vehumet.
 14255 | D:11     | Noticed a white ugly thing
 14382 | D:11     | Noticed Erolcha
 14387 | D:11     | Killed Erolcha
 14645 | D:11     | Noticed Harold
 14652 | D:11     | Killed Harold
 14652 | D:11     | Reached *** piety under Vehumet
 14652 | D:11     | Reached XP level 12. HP: 82/82 MP: 24/26
 15030 | D:11     | Found Iriatzag's Antique Weapon Emporium.
 15074 | D:11     | Reached skill level 1 in Shields
 15505 | Lair:1   | Entered Level 1 of the Lair of Beasts
 15644 | Lair:1   | Learned a level 2 spell: Blink
 15747 | Lair:1   | Offered knowledge of Force Lance by Vehumet.
 16502 | Lair:2   | Reached skill level 5 in Shields
 16750 | Lair:2   | Reached **** piety under Vehumet
 16875 | Lair:2   | Found a dark tunnel.
 16892 | Volcano  | Entered a volcano
 16951 | Volcano  | Slain by an orc warrior

Skill      XL: |  1  2  3  4  5  6  7  8  9 10 11 12 |
---------------+-------------------------------------+-----
Conjurations   | 5 6 7 8 9 11 | 11.3
Fighting       | 1 2 3 4 5 6 7 |  7.9
Spellcasting   | 3 4 6 8 10 11 12 | 12.0
Dodging        | 3 4 5 6 |  6.3
Fire Magic     | 9 |  9.4
Shields        | 7 |  7.0
Stealth        | |  2.1

Action                   |  1- 3 |  4- 6 |  7- 9 | 10-12 || total
-------------------------+-------+-------+-------+-------++-------
Melee: Short sword       |    15 |     9 |     7 |       ||    31
       Trident           |       |       |       |    16 ||    16
 Cast: Magic Dart        |    69 |    57 |   152 |   167 ||   445
       Searing Ray       |     3 |    13 |    47 |    35 ||    98
       Iskenderun's Myst |       |     4 |    30 |   166 ||   200
       Iskenderun's Batt |       |       |     3 |    47 ||    50
       Fireball          |       |       |       |    13 ||    13
       Sticky Flame      |       |       |       |     2 ||     2
       Blink             |       |       |       |     2 ||     2
  Use: Potion            |       |       |     2 |     1 ||     3
       Scroll            |       |       |       |    11 ||    11
 Stab: Sleeping          |       |     1 |       |       ||     1
  Eat: Chunk             |     2 |     9 |    14 |    35 ||    60
       Pizza             |       |       |     1 |       ||     1
       Fruit             |       |       |     1 |     1 ||     2
Armor: Robe              |     9 |     9 |    23 |    23 ||    64
Dodge: Dodged            |    16 |    22 |    55 |    94 ||   187
Block: Buckler           |       |       |       |    13 ||    13
